 Dungeon Crawl Stone Soup version 0.29.0-4-gdea44cf6ec (webtiles) character file.

Game seed: 1142259318291001602

1559 qw the Cleaver (level 8, -19/76 HPs)
             Began as a Gargoyle Berserker on Sept 6, 2022.
             Was a Believer of Trog.
             Killed from afar by Maggie (22 damage)
             ... with a bolt of fire
             ... on level 6 of the Dungeon.
             The game lasted 00:02:03 (6436 turns).

qw the Cleaver (Gargoyle Berserker)                 Turns: 6436, Time: 00:02:03

Health: -19/76     AC: 18    Str: 29    XL:     8   Next: 89%
Magic:  8/8        EV:  7    Int:  8    God:    Trog [**....]
Gold:   251        SH:  4    Dex:  9    Spells: 7/7 levels left

rFire   . . .      SeeInvis .   Y - +0 hand axe
rCold   . . .      Faith    .   e - +0 buckler
rNeg    + . .      Spirit   .   a - +1 plate armour {Will+}
rPois   inf        Reflect  .   (no helmet)
rElec   +          Harm     .   (no cloak)
rCorr   .          Rampage  .   (no gloves)
Will    +....                   (no boots)
Stlth   ..........              f - amulet of regeneration
HPRegen 1.02/turn               i - +6 ring of strength
MPRegen 0.11/turn               (no ring)

@: berserking, very quick
A: sickness immunity, AC +5, negative energy resistance 1, electricity
resistance, torment resistance 1, petrification resistance
a: Renounce Religion, Berserk, Trog's Hand


You were on level 6 of the Dungeon.
You worshipped Trog.
Trog was pleased with you.
You visited 1 branch of the dungeon, and saw 6 of its levels.

You collected 251 gold pieces.


Innate Abilities, Weirdness & Mutations

You are immune to sickness and miasma.
Your stone body is resilient. (AC +5)
You are immune to poison.
You resist negative energy. (rN+)
You are resistant to electric shocks. (rElec)
You are resistant to unholy torment.
You are immune to petrification.


   Skills:
 - Level 6.0 Fighting
 + Level 8.3 Axes
 - Level 4.3 Armour
 - Level 1.5 Dodging
 - Level 3.3 Shields


You had 7 spell levels left.
You didn't know any spells.
Your spell library was empty.

Inventory:

Hand Weapons
 h - a +0 flail
 Y - a +0 hand axe (weapon)
Armour
 a - a +1 plate armour of willpower (worn)
 e - a +0 buckler (worn)
Jewellery
 f - an amulet of regeneration (around neck)
 i - a +6 ring of strength (left hand)
Wands
 l - a wand of digging (3)
Scrolls
 c - 3 scrolls of teleportation
 g - 5 scrolls of identify
 j - a scroll of silence {unknown}
Potions
 b - 5 potions of curing
 d - a potion of mutation

Dungeon Overview and Level Annotations

Branches:
Dungeon (6/15)
 Temple: D:4-7

Altars:
Cheibriados
Gozag
Nemelex Xobeh
Qazlal
Vehumet
Xom
The Shining One

Annotations:
D:6 Maggie


Message History

The phantom is almost destroyed.
Maggie gestures wildly while chanting.
The phantom hits you.
The phantom blinks!
You blink.
You closely miss the phantom.
The phantom is almost destroyed.
The white imp summons a swarm of flies.
The white imp gestures at you. The puff of frost hits you.
The phantom barely misses you.
You closely miss the phantom.
The phantom is almost destroyed.
You slash the phantom!
You feel the power of Trog in you as your rage grows.
You destroy the phantom!
Trog accepts your kill.
Maggie hits you from afar with a +0 halberd!
You hit Maggie.
Maggie is lightly wounded.
Maggie hits you with a +0 halberd.
You barely miss Maggie.
Maggie is lightly wounded.
Maggie closely misses you.
You slash Maggie!
Maggie is lightly wounded.
You hit Maggie but do no damage.
Maggie is lightly wounded.
Maggie barely misses you.
You slash Maggie!
Maggie is moderately wounded.
Maggie casts a spell at you. The bolt of fire hits you!
You slash Maggie!
Maggie is severely wounded.
You hit Maggie.
Maggie is severely wounded.
Maggie hits you but does no damage.
You barely miss Maggie.
Maggie is severely wounded.
Maggie casts a spell at you. The bolt of fire hits you!!
You die...

....## ##..#........###
......# ..............#
......... .#.........<..#
......#....###.#........#
......##).............#
s.. ..####......%...#
#)##.####..#####<..#
#5@..##...## #...#
...s.)##@....#.# #...#
....# #...###.# ##### ...
........##.# .
#.....#.....#
#...#.#..>>..
..#...........# .
#.#.?........
..###........


You could see Maggie, a scorpion and a white imp.

Vanquished Creatures
  Grinder (D:5)
  Sigmund (D:5)
  Menkaure (D:5)
  Duvessa (D:5)
  A sky beast (D:4)
  A phantom (D:6)
  A necrophage (D:5)
  3 scorpions
  Dowan (D:5)
  3 hounds
  2 jellies (D:5)
  Jessica (D:2)
  4 iguanas
  Ijyb (D:3)
  An orc wizard (D:6)
  An adder (D:3)
  11 gnolls
  A white imp (D:6)
  An ufetubus (D:4)
  A worm (D:4)
  3 dart slugs
  3 orcs
  12 ball pythons
  6 bats
  4 endoplasms
  7 giant cockroaches
  9 goblins
  6 hobgoblins
  4 quokkas
  7 frilled lizards
  4 kobolds
  8 rats
111 creatures vanquished.

Vanquished Creatures (others)
  2 orcs (D:6)
2 creatures vanquished.

Grand Total: 113 creatures vanquished

Notes
Turn   | Place    | Note
-------+----------+-------------------------------------------
     0 | D:1      | qw the Gargoyle Berserker began the quest for the Orb.
     0 | D:1      | Reached XP level 1. HP: 14/14 MP: 1/1
     0 | D:1      | 0 ||| qw: Version: 0.1-a-107-g9ff403c
     0 | D:1      | 0 ||| qw: Game counter: 6079
     0 | D:1      | 0 ||| qw: Always use a shield: true
     0 | D:1      | 0 ||| qw: Do Orc after D:15 true
     0 | D:1      | 0 ||| qw: Do second Lair branch before Depths: true
     0 | D:1      | 0 ||| qw: Lair rune preference: random
     0 | D:1      | 0 ||| qw: Plans: Normal
     0 | D:1      | 0 ||| PLANNING D:1-11
   151 | D:1      | 151 ||| Stepping ~*~*~tactically~*~*~ (hiding).
   283 | D:1      | 283 ||| Stepping ~*~*~tactically~*~*~ (stealth).
   295 | D:1      | Reached skill level 3 in Axes
   303 | D:1      | 303 ||| INVOKING Berserk.
   540 | D:1      | Reached XP level 2. HP: 19/19 MP: 2/2
   546 | D:1      | 546 ||| Stepping ~*~*~tactically~*~*~ (stealth).
   658 | D:1      | 658 ||| INVOKING Berserk.
   659 | D:1      | 659 ||| INVOKING Berserk.
   661 | D:1      | Reached XP level 3. HP: 23/23 MP: 3/3
  1106 | D:1      | Reached skill level 4 in Axes
  1210 | D:1      | 1210 ||| Stepping ~*~*~tactically~*~*~ (stealth).
  1249 | D:1      | Reached ** piety under Trog
  1699 | D:1      | 1699 ||| UPGRADING to +1 leather armour of poison
                  | resistance.
  1709 | D:1      | 1709 ||| DROPPING +0 animal skin.
  1710 | D:1      | 1710 ||| UPGRADING to amulet of regeneration.
  1715 | D:1      | 1715 ||| READING scroll labelled BIFIADD JEBI.
  1715 | D:1      | Identified a scroll of acquirement
  1715 | D:1      | 1715 ||| ACQUIRING +1 plate armour of willpower
  1715 | D:1      | Acquired a +1 plate armour of willpower
  1717 | D:1      | 1717 ||| UPGRADING to +1 plate armour of willpower.
  1727 | D:1      | 1727 ||| DROPPING +1 leather armour of poison resistance.
  1728 | D:1      | 1728 ||| READING scroll labelled UHACOEWUIX.
  1731 | D:1      | 1731 ||| READING 2 scrolls labelled YQONNELLEI.
  1732 | D:1      | 1732 ||| READING scroll labelled JYMOQUF ZOIGGY.
  1733 | D:1      | 1733 ||| READING 2 scrolls labelled USCHEE DIT SIU.
  1734 | D:1      | 1734 ||| DRINKING 2 smoky amethyst potions.
  1771 | D:1      | 1771 ||| DROPPING potion of lignification.
  1772 | D:1      | 1772 ||| DROPPING scroll of magic mapping.
  2018 | D:2      | Noticed Jessica
  2023 | D:2      | Killed Jessica
  2024 | D:2      | Reached XP level 4. HP: 28/28 MP: 4/4
  2087 | D:2      | Found the +7 Throatcutter {drain, coup de grace}
  2095 | D:2      | 2095 ||| Stepping ~*~*~tactically~*~*~ (stealth).
  2164 | D:2      | 2164 ||| Stepping ~*~*~tactically~*~*~ (stealth).
  2223 | D:2      | You fall into a shaft and drop 2 floors!
  2224 | D:4      | 2224 ||| READING scroll labelled YRYON ZEUBINI.
  2225 | D:4      | 2225 ||| DRINKING 3 bubbling pink potions.
  2226 | D:4      | 2226 ||| READING 2 scrolls of identify.
  2226 | D:4      | 2226 ||| IDENTIFYING yellow potion
  2227 | D:4      | 2227 ||| DROPPING potion of ambrosia.
  2327 | D:3      | 2327 ||| INVOKING Berserk.
  2337 | D:3      | Reached skill level 5 in Axes
  2337 | D:3      | Reached XP level 5. HP: 32/32 MP: 5/5
  2578 | D:3      | 2578 ||| READING scroll labelled KOIS RUMO JOA.
  3189 | D:2      | 3189 ||| DROPPING amulet of the acrobat.
  3291 | D:3      | 3291 ||| Stepping ~*~*~tactically~*~*~ (stealth).
  3349 | D:3      | Found a sparkling altar of Nemelex Xobeh.
  3364 | D:3      | Found a shimmering altar of Xom.
  3364 | D:3      | Found a glowing golden altar of the Shining One.
  3364 | D:3      | Found a radiant altar of Vehumet.
  3366 | D:3      | Found an opulent altar of Gozag.
  3366 | D:3      | Found a snail-covered altar of Cheibriados.
  3367 | D:3      | Found a stormy altar of Qazlal.
  3419 | D:3      | Noticed Ijyb
  3420 | D:3      | 3420 ||| INVOKING Berserk.
  3430 | D:3      | Killed Ijyb
  3431 | D:3      | Reached skill level 3 in Armour
  3942 | D:4      | 3942 ||| INVOKING Berserk.
  4172 | D:4      | Noticed a sky beast
  4202 | D:4      | Killed a sky beast
  4203 | D:4      | Reached XP level 6. HP: 38/38 MP: 6/6
  4307 | D:4      | HP: 9/38 [iguana (1)]
  4308 | D:4      | 4308 ||| READING 4 scrolls of teleportation.
  4309 | D:4      | 4309 ||| INVOKING Berserk.
  4534 | D:4      | Reached skill level 6 in Axes
  4621 | D:4      | Reached *** piety under Trog
  4677 | D:4      | 4677 ||| INVOKING Berserk.
  4996 | D:4      | 4996 ||| UPGRADING to +0 buckler.
  5001 | D:4      | 5001 ||| UPGRADING to +6 ring of strength.
  5002 | D:4      | 5002 ||| READING 4 scrolls of identify.
  5002 | D:4      | 5002 ||| IDENTIFYING golden potion
  5003 | D:4      | 5003 ||| DROPPING potion of degeneration.
  5028 | D:5      | Entered Level 5 of the Dungeon
  5065 | D:5      | Reached XP level 7. HP: 39/43 MP: 7/7
  5069 | D:5      | Noticed Dowan
  5070 | D:5      | Noticed Duvessa
  5073 | D:5      | 5073 ||| Stepping ~*~*~tactically~*~*~ (hiding).
  5074 | D:5      | 5074 ||| INVOKING Berserk.
  5080 | D:5      | Killed Duvessa
  5081 | D:5      | Reached skill level 3 in Shields
  5095 | D:5      | 5095 ||| Stepping ~*~*~tactically~*~*~ (hiding).
  5098 | D:5      | Killed Dowan
  5361 | D:5      | 5361 ||| INVOKING Berserk.
  5374 | D:5      | 5374 ||| FLEEEEING.
  5383 | D:5      | Reached skill level 7 in Axes
  5438 | D:5      | Noticed Sigmund
  5440 | D:5      | 5440 ||| INVOKING Berserk.
  5448 | D:5      | Killed Sigmund
  5449 | D:5      | Reached XP level 8. HP: 50/50 MP: 8/8
  5686 | D:5      | Noticed Menkaure
  5687 | D:5      | 5687 ||| Stepping ~*~*~tactically~*~*~ (hiding).
  5689 | D:5      | 5689 ||| Stepping ~*~*~tactically~*~*~ (hiding).
  5693 | D:5      | 5693 ||| INVOKING Berserk.
  5698 | D:5      | Killed Menkaure
  5818 | D:5      | 5818 ||| INVOKING Berserk.
  5946 | D:5      | Noticed Grinder
  5947 | D:5      | 5947 ||| Stepping ~*~*~tactically~*~*~ (hiding).
  5952 | D:5      | 5952 ||| INVOKING Trog's Hand.
  5955 | D:5      | 5955 ||| INVOKING Berserk.
  5963 | D:5      | Killed Grinder
  5982 | D:5      | Reached skill level 8 in Axes
  6239 | D:5      | 6239 ||| DROPPING amulet of magic regeneration.
  6240 | D:5      | 6240 ||| READING scroll labelled UGIUDGH ZUOFOP.
  6241 | D:5      | 6241 ||| READING 6 scrolls of identify.
  6241 | D:5      | 6241 ||| IDENTIFYING viscous purple potion
  6277 | D:6      | 6277 ||| STAIRDANCE
  6289 | D:6      | 6289 ||| Stepping ~*~*~tactically~*~*~ (hiding).
  6290 | D:6      | 6290 ||| Stepping ~*~*~tactically~*~*~ (hiding).
  6291 | D:6      | 6291 ||| Stepping ~*~*~tactically~*~*~ (hiding).
  6292 | D:6      | 6292 ||| Stepping ~*~*~tactically~*~*~ (hiding).
  6296 | D:6      | Reached skill level 6 in Fighting
  6407 | D:6      | 6407 ||| Stepping ~*~*~tactically~*~*~ (hiding).
  6410 | D:6      | Noticed Maggie
  6418 | D:6      | 6418 ||| Stepping ~*~*~tactically~*~*~ (stealth).
  6419 | D:6      | 6419 ||| INVOKING Berserk.
  6427 | D:6      | HP: 14/76 [Maggie/+0 halberd (10)]
  6433 | D:6      | HP: 1/76 [Maggie/bolt of fire (16)]
  6436 | D:6      | Killed from afar by Maggie

Levels and vault maps discovered:
D:1:      shiori_arrival_oz, layout_basic, minmay_misc_feat_x
D:2:      layout_basic, grunt_decor_one_mirror, solitary_fountain,
          minmay_misc_feat_enclosed, nicolae_titane, uniq_jessica
D:3:      layout_loops_ring, grunt_temple_overflow_open, kennysheep_path_1,
          kennysheep_nondescript, uniq_ijyb
D:4:      layout_loops_ring
D:5:      layout_cave_pools, corner_web_ring, minmay_misc_feat_secret_circle,
          uniq_menkaure, uniq_duvessa, uniq_grinder, uniq_sigmund
D:6:      layout_rooms, serial_shops, nicolae_square_shop, uniq_maggie

Skill      XL: |  1  2  3  4  5  6  7  8 |
---------------+-------------------------+-----
Axes           | 3 4 5 6 7 8 |  8.3
Armour         | 3 4 |  4.3
Fighting       | 4 5 6 |  6.0
Shields        | 2 3 |  3.3
Dodging        | |  1.5

Action                   |  1- 3 |  4- 6 |  7- 9 || total
-------------------------+-------+-------+-------++-------
Melee: Hand axe          |    93 |   205 |   123 ||   421
       Punch             |     1 |     1 |       ||     2
Invok: Berserk           |     2 |     5 |     7 ||    14
       Trog's Hand       |       |       |     1 ||     1
  Use: Scroll            |     5 |     5 |     2 ||    12
       Potion            |     1 |     1 |       ||     2
Armor: Animal skin       |    23 |       |       ||    23
       Plate armour      |     8 |   146 |    62 ||   216
Dodge: Dodged            |    44 |    42 |    37 ||   123
Block: Buckler           |       |     2 |    15 ||    17

Table legend:
 A = Non-vault XP
 B = Vault XP
 C = Vault XP percentage of total XP
 D = Non-vault monster count
 E = Vault monster count
 F = Vault count percentage of total count
                 A         B        C        D         E       F
            +---------+---------+-------+---------+---------+-------
      Total |    1269 |     959 |  43.0 |     103 |       9 |   8.0
            +---------+---------+-------+---------+---------+-------
        D:1 |      69 |       4 |   5.5 |      34 |       2 |   5.6
        D:2 |      18 |      37 |  67.3 |      12 |       1 |   7.7
        D:3 |      98 |      36 |  26.9 |      22 |       1 |   4.3
        D:4 |     322 |       0 |   0.0 |      18 |       0 |   0.0
        D:5 |     530 |     882 |  62.5 |      11 |       5 |  31.2
        D:6 |     232 |       0 |   0.0 |       6 |       0 |   0.0
            +---------+---------+-------+---------+---------+-------
